 Dungeon Crawl Stone Soup version 0.29.0-4-gdea44cf6ec (webtiles) character file.

Game seed: 10586094745733020842

39 qw the Chopper (level 3, -4/21 HPs)
             Began as a Tengu Warper on Aug 28, 2022.
             Slain by Terence
             ... wielding a +0 flail
              (7 damage)
             ... on level 3 of the Dungeon.
             The game lasted 00:00:09 (1473 turns).

qw the Chopper (Tengu Warper)                       Turns: 1473, Time: 00:00:10

Health: -4/21      AC:  7    Str: 13    XL:     3   Next: 45%
Magic:  7/7        EV:  6    Int: 13    God:
Gold:   104        SH:  0    Dex: 13    Spells: 6/6 levels left

rFire   + . .      SeeInvis .   Y - +1 hand axe
rCold   + . .      Faith    .   (no shield)
rNeg    + . .      Spirit   .   i - +0 chain mail
rPois   +          Reflect  .   r - -2 hat of the Alchemist {rElec rPois rF+ rC+ rN+ Will+ rMut rCorr}
rElec   +          Harm     .   j - +0 cloak
rCorr   +          Rampage  .   (no gloves)
rMut    +                       (boots unavailable)
Will    +....                   (no amulet)
Stlth   ..........              (no ring)
HPRegen 0.07/turn               (no ring)
MPRegen 0.10/turn

@: about to teleport
A: beak, talons 3
a: no special abilities


You were on level 3 of the Dungeon.
You visited 1 branch of the dungeon, and saw 3 of its levels.

You collected 104 gold pieces.


Innate Abilities, Weirdness & Mutations

You have a beak for a mouth.
You have claws for feet.


   Skills:
 - Level 2.0 Fighting
 + Level 4.1 Axes
 - Level 1.0 Throwing
 - Level 1.1 Armour
 - Level 2.1 Dodging
 - Level 2.0 Spellcasting
 - Level 2.4 Translocations


You had 6 spell levels left.
You didn't know any spells.
Your spell library contained the following spells:

 Spells                   Type           Power      Damage    Failure   Level
 Blink                    Tloc           14%        N/A       99%         2
 Gell's Gravitas          Tloc           7%         N/A       100%        3
 Lesser Beckoning         Tloc           7%         N/A       100%        3
 Teleport Other           Tloc           7%         N/A       100%        3
 Manifold Assault         Tloc           7%         N/A       100%        5

Inventory:

Hand Weapons
 e - a +0 flail
 Y - a +1 hand axe (weapon)
Armour
 i - a +0 chain mail (worn)
 j - a +0 cloak (worn)
 r - the -2 hat of the Alchemist (worn) {rElec rPois rF+ rC+ rN+ Will+ rMut rCorr}
   (You found it on level 2 of the Dungeon)

   rF:        It protects you from fire.
   rC:        It protects you from cold.
   rElec:     It insulates you from electricity.
   rPois:     It protects you from poison.
   rN:        It protects you from negative energy.
   rCorr:     It protects you from acid and corrosion.
   rMut:      It protects you from mutation.
   Will:      It increases your willpower.
Scrolls
 b - a scroll of identify
 f - a scroll of fog {unknown}
Potions
 c - a potion of cancellation {unknown}
 d - a potion of invisibility {unknown}
 h - a potion of haste {unknown}
 k - a potion of lignification {unknown}
 m - a potion of degeneration {unknown}
 n - a potion of mutation {unknown}
 o - a potion of attraction {unknown}

Dungeon Overview and Level Annotations

Branches:
Dungeon (3/15)

Altars:

Annotations:
D:3 Terence


Message History

Press < or > to pray at altars.
Press < or > to pray at altars.
Press < or > to pray at altars.
You hit Terence.
Terence is moderately wounded.
Terence hits you with a +0 flail.
Press < or > to pray at altars.
Press < or > to pray at altars.
Press < or > to pray at altars.
Press < or > to pray at altars.
You closely miss Terence. Your kick misses Terence.
Terence is moderately wounded.
Terence barely misses you.
Press < or > to pray at altars.
Press < or > to pray at altars.
Press < or > to pray at altars.
Press < or > to pray at altars.
You hit Terence but do no damage. Your kick misses Terence.
Terence is moderately wounded.
Terence hits you with a +0 flail.
Press < or > to pray at altars.
Press < or > to pray at altars.
Press < or > to pray at altars.
Press < or > to pray at altars.
You hit Terence. You peck Terence.
Terence is severely wounded.
Terence hits you with a +0 flail.
Press < or > to pray at altars.
Press < or > to pray at altars.
Press < or > to pray at altars.
Press < or > to pray at altars.
You barely miss Terence.
Terence is severely wounded.
Terence hits you with a +0 flail! Terence hits you but does no damage.
Press < or > to pray at altars.
Press < or > to pray at altars.
Press < or > to pray at altars.
Press < or > to pray at altars.
1473 ||| READING scroll of teleportation.
As you read the scroll of teleportation, it crumbles to dust.
You feel strangely unstable. Terence hits you with a +0 flail!
You die...

## #.##############.#
..##..........>.....#
...........##########
# .#..+#.###.#
#.##......##..#
...........%#.#
.....##....##.#
#..#=.......#.#
#....@...#..#
#..#@..#.#..####
.....o#.#.........
.......#...##.###.
....#..#..#.. #
..#.##..####..# . .
... ..# . ..... ...
#### ####


You could see Terence and an orc.

Vanquished Creatures
  3 orcs (D:3)
  An endoplasm (D:1)
  2 giant cockroaches (D:1)
  2 goblins (D:1)
  3 hobgoblins (D:1)
  3 kobolds
  4 quokkas
  5 ball pythons
  4 bats
  5 rats
32 creatures vanquished.

Notes
Turn   | Place    | Note
-------+----------+-------------------------------------------
     0 | D:1      | qw the Tengu Warper began the quest for the Orb.
     0 | D:1      | Reached XP level 1. HP: 12/12 MP: 4/4
     0 | D:1      | 0 ||| qw: Version: 0.1-a-89-g26bdef1
     0 | D:1      | 0 ||| qw: Game counter: 2018
     0 | D:1      | 0 ||| qw: Always use a shield: true
     0 | D:1      | 0 ||| qw: God list: Okawaru
     0 | D:1      | 0 ||| qw: Allow faded altars: false
     0 | D:1      | 0 ||| qw: Do Orc after D:15 true
     0 | D:1      | 0 ||| qw: Do second Lair branch before Depths: true
     0 | D:1      | 0 ||| qw: Lair rune preference: random
     0 | D:1      | 0 ||| qw: Plans: Normal
     0 | D:1      | 0 ||| PLANNING D:1-11
    81 | D:1      | 81 ||| Stepping ~*~*~tactically~*~*~ (stealth).
   199 | D:1      | Reached XP level 2. HP: 17/17 MP: 6/6
   255 | D:1      | Reached skill level 3 in Axes
   260 | D:1      | 260 ||| DROPPING +0 club.
   872 | D:1      | 872 ||| UPGRADING to +0 chain mail.
   882 | D:1      | 882 ||| DROPPING +0 leather armour.
   883 | D:1      | 883 ||| UPGRADING to +0 cloak.
   888 | D:1      | 888 ||| READING 2 scrolls labelled KEIGIC UMURE.
   893 | D:1      | 893 ||| READING scroll labelled DIECSUEPPA.
   894 | D:1      | 894 ||| DROPPING scroll of blinking.
   969 | D:2      | 969 ||| Stepping ~*~*~tactically~*~*~ (stealth).
   978 | D:2      | Reached XP level 3. HP: 21/21 MP: 7/7
  1081 | D:2      | Found the -2 hat of the Alchemist {rElec rPois rF+ rC+ rN+
                  | Will+ rMut rCorr}
  1339 | D:2      | 1339 ||| UPGRADING to -2 hat of the Alchemist {rElec rPois
                  | rF+ rC+ rN+ Will+ rMut rCorr}.
  1344 | D:2      | 1344 ||| DROPPING amulet of faith.
  1345 | D:2      | 1345 ||| READING 2 scrolls labelled ESOKIH PIRPHEGA.
  1346 | D:2      | 1346 ||| READING scroll labelled WEXAEGRI XIFI.
  1347 | D:2      | 1347 ||| READING scroll labelled AFEEPP FICAB.
  1348 | D:2      | 1348 ||| READING scroll labelled NUEQIS OKLUTHI.
  1349 | D:2      | 1349 ||| READING scroll labelled FIAGHE LAABO.
  1350 | D:2      | 1350 ||| READING scroll labelled MOCRUA LEPPU.
  1351 | D:2      | 1351 ||| DRINKING 2 fizzy red potions.
  1384 | D:3      | 1384 ||| Stepping ~*~*~tactically~*~*~ (stealth).
  1385 | D:3      | 1385 ||| Stepping ~*~*~tactically~*~*~ (stealth).
  1387 | D:3      | Reached skill level 4 in Axes
  1387 | D:3      | HP: 5/21 [orc/+0 hand axe (2)]
  1388 | D:3      | 1388 ||| READING 2 scrolls of teleportation.
  1389 | D:3      | 1389 ||| DRINKING potion of heal wounds.
  1407 | D:3      | 1407 ||| DROPPING +0 whip.
  1447 | D:3      | Found a faded altar of an unknown god.
  1463 | D:3      | Noticed Terence
  1472 | D:3      | HP: 3/21 [Terence/+0 flail (8)]
  1473 | D:3      | 1473 ||| READING scroll of teleportation.
  1473 | D:3      | Slain by Terence

Levels and vault maps discovered:
D:1:      onia_arrival_mini_spirals, layout_loops_corners
D:2:      layout_rooms, serial_bayou_pond_d, hex_tiny, minmay_stone_trees_small,
          serial_bayou_crossing
D:3:      minmay_recursive_quarters, layout_loops_ring,
          hellmonk_ecumenical_altar_blasted, wad_orctagon, uniq_terence,
          uniq_sigmund

Skill      XL: |  1  2  3 |
---------------+----------+-----
Axes           | 3 4 |  4.1
Fighting       | |  2.0
Throwing       | |  1.0
Armour         | |  1.1
Dodging        | |  2.1
Spellcasting   | |  2.0
Translocations | |  2.4

Action                   || total
-------------------------++-------
Melee: Hand axe          ||    68
       Kick              ||    15
       Peck              ||    10
Throw: Boomerang         ||     7
  Use: Scroll            ||    10
       Potion            ||     2
Armor: Leather armour    ||     6
       Chain mail        ||    19
Dodge: Dodged            ||    21

Table legend:
 A = Non-vault XP
 B = Vault XP
 C = Vault XP percentage of total XP
 D = Non-vault monster count
 E = Vault monster count
 F = Vault count percentage of total count
                 A         B        C        D         E       F
            +---------+---------+-------+---------+---------+-------
      Total |      56 |       0 |   0.0 |      32 |       0 |   0.0
            +---------+---------+-------+---------+---------+-------
        D:1 |      30 |       0 |   0.0 |      17 |       0 |   0.0
        D:2 |      13 |       0 |   0.0 |       9 |       0 |   0.0
        D:3 |      13 |       0 |   0.0 |       6 |       0 |   0.0
            +---------+---------+-------+---------+---------+-------
